 Dungeon Crawl Stone Soup version 0.18-a0-1303-g41c131c (webtiles) character file.

18 Duffy the Digger (level 2, -14/15 HPs)
             Began as a Deep Elf Earth Elementalist on Feb 12, 2016.
             Demolished by a gnoll
             ... wielding a +1 spear of distortion
              (16 damage)
             ... on level 2 of the Dungeon.
             The game lasted 00:01:06 (1072 turns).

Duffy the Digger (Deep Elf Earth Elementalist)      Turns: 1072, Time: 00:01:07

Health: -14/15     AC:  2    Str:  5    XL:     2   Next: 48%
Magic:  6/8        EV: 13    Int: 19    God:
Gold:   76         SH:  0    Dex: 15    Spells: 2 memorised, 4 levels left

rFire  . . .     SeeInvis .     b - 35 stones
rCold  . . .     Gourm    .     a - +0 robe
rNeg   . . .     Faith    .     (no shield)
rPois  .         Spirit   .     (no helmet)
rElec  .         Dismiss  .     (no cloak)
rCorr  .         Reflect  .     (no gloves)
SustAt .         Harm     .     (no boots)
MR     .....                    (no amulet)
Stlth  ++........               (no ring)
                                (no ring)

@: not resistant to hostile enchantments, unstealthy
A: no striking features
a: no special abilities


You were on level 2 of the Dungeon.
You were not hungry.

You visited 1 branch of the dungeon, and saw 2 of its levels.

You collected 76 gold pieces.


   Skills:
 - Level 2.4 Dodging
 - Level 2.4 Stealth
 - Level 3.0 Spellcasting
 - Level 1.1 Transmutations
 + Level 4.2 Earth Magic


You had 4 spell levels left.
You knew the following spells:

 Your Spells              Type           Power        Failure   Level  Hunger
a - Sandblast             Erth           ###...       2%          1    None
P - Passwall              Trmt/Erth      ##........   10%         2    ##.....

Inventory:

Missiles
 b - 35 stones (in hand)
Armour
 a - a +0 robe (worn)
Scrolls
 g - 2 scrolls of fog {unknown}
 h - 2 scrolls of remove curse {unknown}
 i - a scroll of magic mapping {unknown}
 j - 4 scrolls of identify {unknown}
 k - 2 scrolls of random uselessness {unknown}
 l - a scroll of enchant weapon {unknown}
 m - a scroll of noise {unknown}
 n - a scroll of teleportation {unknown}
Potions
 e - 3 potions of might {unknown}
Books
 c - a book of Geomancy
Comestibles
 d - a bread ration
 f - a slice of pizza

Dungeon Overview and Level Annotations

Branches:
Dungeon (2/15)

Altars:


Message History

n - a scroll labeled XAQIOL KIXU
j - 4 scrolls labeled ASINECE QIHAQ (gained 1)
A hobgoblin and a gnoll come into view.
The gnoll throws a throwing net.
The throwing net hits you.
You become entangled in the net!
Found a scroll labeled MAMAUX SUDY.
Found a stone staircase leading up.
You see here a throwing net.
You struggle against the net.
You try to slip out of the net.
You slip out of the net!
The gnoll throws a throwing net.
The throwing net hits you.
You become entangled in the net!
You try to slip out of the net.
You try to slip out of the net.
You slip out of the net!
Press: ? - help, v - describe, . - travel
Here: a gnoll, wielding a spear of distortion The floor.
Wield which item (- for none, * to show all)? (? for menu, Esc to quit)
b - 37 stones (in hand) Cast which spell? (? or * to list)
Aiming: Sandblast
Press: ? - help, Shift-Dir - straight line, f - gnoll
Aim: a gnoll, wielding a spear of distortion The rocky blast misses the gnoll.
The gnoll hits you from afar with a spear of distortion!
Cast which spell? (? or * to list)
Aiming: Sandblast
Press: ? - help, Shift-Dir - straight line, f/p - gnoll
Aim: a gnoll, wielding a spear of distortion The rocky blast hits the gnoll.
The gnoll is almost dead.
The gnoll hits you from afar with a spear of distortion!
Space warps horribly around you!
Ouch! That really hurt!
You die...

.g.. .# .# ...
...#.#..# #...
..#.#..### . #...
#.#......
..#.#.##.#.#...
.............##
#.............<
#..g.@...######
..?...##.<......#
#########..#####.#
...........# #.#
#########.## #.#
........## #.#
.........# #.#
#######.#### #.#
...........# #.#


You could see a gnoll and a hobgoblin (sleeping).

Action                   || total
-------------------------++-------
 Cast: Sandblast         ||    30

Notes
Turn   | Place    | Note
--------------------------------------------------------------
     0 | D:1      | Duffy the Deep Elf Earth Elementalist began the quest for the Orb.
     0 | D:1      | Reached XP level 1. HP: 10/10 MP: 6/6
   481 | D:1      | Reached skill level 4 in Earth Magic
   481 | D:1      | Reached XP level 2. HP: 15/15 MP: 6/8
   627 | D:1      | Learned a level 2 spell: Passwall
  1072 | D:2      | Demolished by a gnoll

Vault maps used:
D:1:      minmay_arrival_four_circles, minmay_misc_feat_alley
D:2:      elyvilon_altar_5

Vanquished Creatures
  A giant gecko
  A bat
  A goblin
  4 hobgoblins
  2 giant newts
  5 kobolds
  3 rats
17 creatures vanquished.
